 Dungeon Crawl Stone Soup version 0.21.0-3-g78d12a8 (webtiles) character file.

34 Monsterracer the Chopper (level 3, -1/29 HPs)
             Began as a Formicid Abyssal Knight on Jan 14, 2018.
             Was a Follower of Lugonu.
             Slain by a bullfrog (8 damage)
             ... on level 1 of the Dungeon.
             The game lasted 00:02:13 (1407 turns).

Monsterracer the Chopper (Formicid Abyssal Knight)  Turns: 1407, Time: 00:02:14

Health: -1/29      AC:  3    Str: 17    XL:     3   Next: 50%
Magic:  4/4        EV: 11    Int: 11    God:    Lugonu [*.....]
Gold:   16         SH:  0    Dex: 10    Spells: 2/2 levels left

rFire    . . .     SeeInvis +   a - +1 hand axe
rCold    . . .     Gourm    .   (no shield)
rNeg     . . .     Faith    .   b - +0 leather armour
rPois    .         Spirit   .   (helmet unavailable)
rElec    .         Reflect  .   (no cloak)
rCorr    .         Harm     .   (no gloves)
MR       .....                  (no boots)
Stlth    +.........             (no amulet)
HPRegen  0.09/turn              (no ring)
MPRegen  0.09/turn              (no ring)

@: no status effects
A: permanent stasis, dig shafts and tunnels, four strong arms, antennae 3
a: Dig, Shaft Self, Depart the Abyss, Renounce Religion


You were on level 1 of the Dungeon.
You worshipped Lugonu.
Lugonu was aware of your devotion.
You were hungry.

You visited 1 branch of the dungeon, and saw 2 of its levels.
You visited the Abyss 1 time.

You collected 16 gold pieces.

Inventory:

Hand Weapons
 a - a +1 hand axe (weapon)
Armour
 b - a +0 leather armour (worn)
 d - a +0 shield
Scrolls
 e - 3 scrolls of teleportation {unknown}
 f - a scroll of remove curse {unknown}
 g - 2 scrolls of identify {unknown}
Comestibles
 c - a ration


   Skills:
 - Level 3.2 Fighting
 + Level 3.6 Axes
 - Level 2.1 Armour
 - Level 0.8 Dodging
 - Level 2.1 Invocations


You had 2 spell levels left.
You didn't know any spells.

Dungeon Overview and Level Annotations

Branches:
Dungeon (2/15)

Altars:


Innate Abilities, Weirdness & Mutations

You cannot be hasted, slowed, berserked, paralysed or teleported.
You can dig through walls and to a lower floor.
Your four strong arms can wield two-handed weapons with a shield.
You have a pair of large antennae on your head. (SInv)


Message History

You see here 18 sling bullets.
A hobgoblin comes into view. It is wielding a club.
The hobgoblin shouts!
A hobgoblin is nearby!
The hobgoblin closely misses you.
You barely miss the hobgoblin. The hobgoblin hits you with a club.
You take 2 damage, and have 27/29 hp.
You hit the hobgoblin but do no damage. The hobgoblin closely misses you.
You hit the hobgoblin.
You kill the hobgoblin!
Lugonu accepts your kill.
No target in view!
No target in view!
Things that are here:
a club; a hobgoblin corpse; Health restored: 29
g - 2 scrolls labeled HEEWKU YG BIU (gained 1) All of the chunks of flesh in your inventory have rotted away.
Done exploring.
Done exploring.
There is a stone staircase leading down here.
You climb downwards.
There is a stone staircase leading up here.
You sense a monster nearby.
Found 30 stones.
Found a stone staircase leading down.
You see here 30 stones.
A bat, a worm and a goblin come into view.
The goblin shouts!
The goblin moves out of view.
An adder comes into view.
There are monsters nearby!
The adder hisses angrily.
You hear a shout!
A goblin comes into view. It is wielding a club.
The bat barely misses you. The bat hits you but does no damage.
The bat barely misses you. The bat hits you.
You take 1 damage, and have 28/29 hp.
You barely miss the bat. The bat hits you. The bat misses you.
The bat hits you but does no damage.
You take 1 damage, and have 27/29 hp.
You hit the bat but do no damage. The bat closely misses you.
The bat hits you but does no damage.
You see here 30 stones.
The bat barely misses you. The bat hits you but does no damage.
The bat barely misses you. The bat hits you.
You take 1 damage, and have 27/29 hp.
The bat barely misses you. The bat barely misses you.
You are feeling hungry.
The bat barely misses you. The bat closely misses you.
The bat barely misses you. The bat closely misses you.
The bat hits you but does no damage.
A bullfrog comes into view.
The bullfrog croaks.
The bat hits you but does no damage.
The bullfrog releases a deep croak.
The bat hits you but does no damage. The bat hits you but does no damage.
The bullfrog hits you.
You take 4 damage, and have 23/29 hp.
The bullfrog barely misses you. The bat hits you but does no damage.
The bullfrog hits you.
You take 1 damage, and have 22/29 hp.
The bat hits you but does no damage. The bullfrog hits you.
You take 1 damage, and have 21/29 hp.
The bat hits you but does no damage.
The bullfrog hits you but does no damage.
There is a stone staircase leading up here.
The bat hits you. The bullfrog barely misses you. The adder bites you.
You climb upwards.
There is a stone staircase leading down here.
You take 3 damage, and have 18/29 hp.
Unknown command.
You aren't carrying any potions.
Okay, then.
You can't shaft yourself on this terrain.
The bullfrog hits you but does no damage.
The bullfrog hits you.
You take 1 damage, and have 17/29 hp.
You hit the bullfrog.
The bullfrog is moderately wounded.
The bullfrog closely misses you.
You slash the bullfrog!
The bullfrog is severely wounded.
The bullfrog closely misses you. The bullfrog hits you.
* * * LOW HITPOINT WARNING * * *
You take 4 damage, and have 13/29 hp.
You closely miss the bullfrog.
The bullfrog is severely wounded.
The bullfrog closely misses you. The bullfrog hits you.
* * * LOW HITPOINT WARNING * * *
You take 6 damage, and have 7/29 hp.
MASSIVE DAMAGE!!
Are you sure you want to shaft yourself?
You feel somewhat more hungry. The bullfrog barely misses you.
You begin to dig a shaft.
You continue digging a shaft.
The bullfrog hits you.
* * * LOW HITPOINT WARNING * * *
The bullfrog hits you!
You die...

# #.###.# # #.# #.#
####################.# #.#
.....................# #.#
#.....####.........#####.#
......#...............##.########
#.....#.##.........##.#..........
#.#####.#.......F.###.###########
................@># #.#
#.###.#.#.###..######.#
...##.#.#.#.#.......#.#
...##.#.#.#.#.#####.#.###########
...##...#.#.#.......#............
....#.###.#.###.###.#############
#...#.###.....#.....#
#...#...............#
#####.#####.........#


You could see a bullfrog.

Vanquished Creatures
  A gnoll (D:1)
  An ooze (D:1)
  A dart slug (D:1)
  A leopard gecko (D:1)
  A giant cockroach (D:1)
  A goblin (D:1)
  4 hobgoblins (D:1)
  3 kobolds (D:1)
  3 bats (D:1)
  A rat (D:1)
17 creatures vanquished.

Notes
Turn   | Place    | Note
-------+----------+-------------------------------------------
     0 | Abyss:1  | Monsterracer the Formicid Abyssal Knight began the quest for the Orb.
     0 | Abyss:1  | Reached XP level 1. HP: 18/18 MP: 2/2
    42 | D:1      | Escaped the Abyss
   102 | D:1      | Reached XP level 2. HP: 22/24 MP: 3/3
   165 | D:1      | HP: 10/24 [dart slug/slug dart (3)]
   356 | D:1      | HP: 9/24 [gnoll (8)]
   363 | D:1      | Reached XP level 3. HP: 8/29 MP: 4/4
  1394 | D:2      | Noticed a bullfrog
  1404 | D:1      | HP: 13/29 [bullfrog (4)]
  1407 | D:1      | Slain by a bullfrog

Skill      XL: |  1  2 |
---------------+-------+-----
Axes           | 3 |  3.6
Fighting       | |  3.2
Armour         | |  2.1
Dodging        | |  0.8
Invocations    | |  2.1

Action                   || total
-------------------------++-------
Melee: Hand axe          ||    69
 Abil: Shaft Self        ||     1
  Eat: Chunk             ||     1
Armor: Leather armour    ||    28
Dodge: Dodged            ||    69

Vault maps used:
D:1:      matt_arrival_grand_opening, item_on_display_a
D:2:      first_ration, minmay_misc_feat_more_columns
Abyss:1:  evilmike_abyss_exit_10
